 Dungeon Crawl Stone Soup version bcrawl-1.37.2 (webtiles) character file.

Game seed: 4146582414927236461

237510 Mehrunes the Arsonist (level 10, 0/63 HPs)
             Began as a Mummy Fire Elementalist on Nov 12, 2022.
             Was an Initiate of Gozag.
             Slain by an orc knight
             ... wielding a +0 war axe
              (33 damage)
             ... on level 9 of the Dungeon.
             The game lasted 00:21:55 (13455 turns).

Mehrunes the Arsonist (Mummy Fire Elementalist)    Turns: 13455, Time: 00:21:56

Health: 0/63       AC:  7    Str: 11    XL:     10   Next: 90%
Magic:  11/19      EV:  9    Int: 18    God:    Gozag
Gold:   940        SH:  5    Dex: 19    Spells: 8/21 levels left

rFire    x . .     GDR:     30% w - +1 flail (venom)
rCold    + . .     SeeInvis .   t - +0 buckler
rNeg     + + +     Gourm    .   e - +0 ring mail
rPois    ∞         Faith    .   n - +0 helmet
rElec    .         Spirit   .   q - +0 cloak
rCorr    .         Reflect  .   (no gloves)
MR       +....     Clarity  +   (no boots)
Stlth    ++........             (no amulet)
HPRegen  0.20/turn              l - ring of wizardry
MPRegen  0.16/turn              p - +6 ring of dexterity

@: studying Fighting
A: no food or potions, fire vulnerability, clarity, cold resistance 1, negative
energy resistance 3, torment resistance, unbreathing, strong hexes 1
a: Potion Petition, Call Merchant, Bribe Branch, Renounce Religion


You were on level 9 of the Dungeon.
You worshipped Gozag.
Gozag was pleased with you.
You were not hungry.

You visited 1 branch of the dungeon, and saw 9 of its levels.

You collected 1753 gold pieces.
You paid 813 gold pieces to Gozag.

Inventory:

Hand Weapons
 w - a +1 flail of venom (weapon)
Missiles
 m - 413 poisoned tomahawks (quivered)
Armour
 a - a +0 robe
 e - a +0 ring mail (worn)
 n - a +0 helmet (worn)
 q - a +0 cloak (worn)
 t - a +0 buckler (worn)
Jewellery
 l - a ring of wizardry (left hand)
 p - a +6 ring of dexterity (right hand)
 u - an uncursed ring of protection from magic
Wands
 h - a wand of iceblast (7)
 r - a wand of random effects (9)
Scrolls
 c - a scroll of magic mapping
 f - 5 scrolls of enchant weapon
 g - a scroll of fog
 j - 6 scrolls of teleportation
 k - a scroll of enchant armour
 o - a scroll of silence {unknown}
 s - a scroll of amnesia {unknown}
 v - a scroll of remove curse


   Skills:
 - Level 1.5 Dodging
 - Level 2.1 Stealth
 - Level 6.0 Spellcasting
 + Level 9.7 Conjurations
 - Level 10.0 Fire Magic


You had 8 spell levels left.
You knew the following spells:

 Your Spells              Type           Power        Failure   Level  Hunger
a - Flame Tongue          Conj/Fire      #####        1%          1    N/A
b - Conjure Flame         Conj/Fire      #####...     1%          3    N/A
c - Sticky Flame          Conj/Fire      #####...     6%          4    N/A
d - Fireball              Conj/Fire      #####.....   16%         5    N/A

Your spell library contained the following spells:

 Spells                   Type           Power        Failure   Level  Hunger
 Flaming Arrows           Chrm/Fire      ###.....     6%          2    N/A
 Inner Flame              Hex/Fire       N/A          13%         3    N/A

Dungeon Overview and Level Annotations

Branches:
Dungeon (9/12)             Temple (0/1) D:5             Orc (0/1) D:8
   Lair: D:7-9

Altars:
Cheibriados
Gozag
Lugonu
Nemelex Xobeh
Qazlal
Uskayaw
Xom
Yredelemnul

Shops:
D:5 (   D:6 (   D:8 %

Annotations:
D:9 Nergalle


Innate Abilities, Weirdness & Mutations

You do not eat or drink.
Your flesh is vulnerable to fire.
You are immune to poison.
You possess an exceptional clarity of mind.
Your flesh is cold resistant. (rC+)
You are immune to negative energy. (rN+++)
You are immune to unholy pain and torment.
You can survive without breathing.
Your hexes are more powerful.


Message History

Aim: an orc knight, wielding a +0 war axe, wearing a +0 chain mail and carrying a wand of random effects (8) (berserk, fast, unusually strong)
The flame tongue misses the orc knight.
The orc knight is engulfed in blazing flames.
The orc knight closely misses you.
Casting: Flame Tongue (safe; 1% risk of failure)
Confirm with . or Enter, or press ? or * to list all spells.
Aiming: Flame Tongue (safe; 1% risk of failure)
Press: ? - help, Shift-Dir - straight line, f/p - orc knight
Aim: an orc knight, wielding a +0 war axe, wearing a +0 chain mail and carrying a wand of random effects (8) (flame, lightly wounded, berserk, fast, unusually strong)
The flame tongue hits the orc knight but does no damage.
The orc knight is lightly wounded.
The orc knight is engulfed in blazing flames.
The orc knight hits you with a +0 war axe!!
Okay, then.
As you read the scroll of fear, it crumbles to dust.
You assume a fearsome visage.
The orc knight hits you with a +0 war axe!!
Ouch! That really hurt!
You die...
Your body crumbles into a pile of gold.

#.#....# ###'###
#.#.#### .. #.#$# #...#
..#$# .o.# ######.#
#..# #....#.# .# #..#
#....$.# .# #..#
#.####o####.#######..#
#.$..$@..............##
######.$.......#####...
#.........#.......
#.........#.######
#.#'#######.# #.#.#
#.#### #.#.# #....#
#.#.# ####.# #.#.#
##.###


You could see an orc knight (berserk).

Vanquished Creatures
  2 two-headed ogres (D:8)
  A cyclops (D:7)
  A wolf spider (D:8)
  Joseph (D:7)
  A troll (D:8)
  A hornet (D:8)
  A wraith (D:7)
  A hungry ghost (D:9)
  A crocodile (D:6)
  A warg (D:9)
  A water moccasin (D:8)
  A hornet zombie (D:6)
  3 ice beasts
  4 orc warriors (D:8)
  A black bear (D:7)
  A phantom (D:7)
  2 ogres (D:7)
  2 kobold brigands
  5 bullfrogs
  6 centaurs
  3 scorpions
  6 killer bees (D:8)
  A howler monkey (D:9)
  8 orc priests
  2 crimson imps (D:6)
  3 jellies
  3 quasits
  9 orc wizards
  3 hounds
  A bullfrog skeleton (D:8)
  3 iguanas
  6 worker ants
  A killer bee zombie (D:7)
  A hound zombie (D:5)
  A hound skeleton (D:9)
  A worker ant zombie (D:6)
  3 gnolls
  9 adders
  An ooze (D:2)
  2 adder zombies
  3 worms (D:2)
  4 adder skeletons
  3 dart slugs
  4 leopard geckos
  49 orcs
  2 ball pythons
  2 giant cockroaches
  2 goblins
  13 hobgoblins
  9 jackals
  14 kobolds
  5 quokkas
  3 bats
  6 frilled lizards
  3 rats
226 creatures vanquished.

Vanquished Creatures (others)
  A quokka (D:6)
1 creature vanquished.

Grand Total: 227 creatures vanquished

Notes
Turn   | Place    | Note
-------+----------+-------------------------------------------
     0 | D:1      | Mehrunes the Mummy Fire Elementalist began the quest for
                  | the Orb.
     0 | D:1      | Reached XP level 1. HP: 13/13 MP: 4/4
   141 | D:1      | Reached skill level 1 in Conjurations
   190 | D:1      | Reached XP level 2. HP: 19/19 MP: 0/6
   865 | D:2      | Reached XP level 3. HP: 24/24 MP: 4/7
  1139 | D:2      | Found a corrupted altar of Lugonu.
  1222 | D:2      | Found a basalt altar of Yredelemnul.
  1674 | D:2      | Found a hide-covered altar of Uskayaw.
  1674 | D:2      | Found an opulent altar of Gozag.
  1760 | D:2      | Became a worshipper of Gozag Ym Sagoz the Greedy
  1794 | D:3      | Reached skill level 3 in Fire Magic
  1869 | D:3      | Reached XP level 4. HP: 27/30 MP: 0/9
  1932 | D:3      | Found a blossoming altar of Fedhas.
  2085 | D:3      | Learned a level 3 spell: Conjure Flame
  2090 | D:3      | Learned a level 4 spell: Sticky Flame
  2479 | D:4      | Reached XP level 5. HP: 28/35 MP: 3/11
  3172 | D:4      | Reached XP level 6. HP: 16/41 MP: 5/13
  3732 | D:4      | Found a glowing golden altar of the Shining One.
  3748 | D:4      | Found a stormy altar of Qazlal.
  3858 | D:5      | Entered Level 5 of the Dungeon
  3934 | D:5      | Reached skill level 5 in Spellcasting
  3955 | D:5      | Found Utalelek's Weapon Shop.
  4207 | D:5      | Found a staircase to the Ecumenical Temple.
  4383 | D:5      | Reached skill level 4 in Fire Magic
  4791 | D:5      | HP: 2/41 [orc wizard/puff of frost (6)]
  4961 | D:5      | Reached XP level 7. HP: 35/46 MP: 9/15
  5477 | D:6      | Found a snail-covered altar of Cheibriados.
  5566 | D:6      | Reached skill level 5 in Fire Magic
  5810 | D:6      | Found Raisa's Weapon Emporium.
  5814 | D:6      | Reached XP level 8. HP: 52/52 MP: 13/17
  6144 | D:6      | Reached skill level 5 in Conjurations
  6304 | D:6      | Reached skill level 6 in Fire Magic
  6721 | D:6      | Found a snail-covered altar of Cheibriados.
  6808 | D:6      | Found Raisa's Weapon Emporium.
  7528 | D:7      | Noticed a cyclops
  7535 | D:7      | Killed a cyclops
  7621 | D:7      | Reached XP level 9. HP: 57/57 MP: 11/18
  7719 | D:7      | Learned a level 5 spell: Fireball
  7829 | D:7      | Reached skill level 7 in Fire Magic
  8167 | D:7      | Noticed Joseph
  8228 | D:7      | Noticed a troll
  8687 | D:7      | Killed Joseph
  9255 | D:7      | Found a sparkling altar of Nemelex Xobeh.
  9791 | D:7      | Reached skill level 8 in Fire Magic
 10447 | D:8      | Found Qinot's Food Boutique.
 10576 | D:8      | Noticed a two-headed ogre
 10595 | D:8      | Killed a two-headed ogre
 10713 | D:8      | Reached XP level 10. HP: 63/63 MP: 13/19
 10722 | D:8      | Noticed a two-headed ogre
 10728 | D:8      | Killed a two-headed ogre
 11062 | D:8      | Reached skill level 9 in Fire Magic
 11535 | D:8      | Found a staircase to the Orcish Mines.
 12067 | D:8      | Noticed a wolf spider
 12075 | D:8      | Killed a wolf spider
 12580 | D:9      | Found a shimmering altar of Xom.
 13244 | D:9      | Reached skill level 10 in Fire Magic
 13371 | D:9      | Noticed Nergalle
 13411 | D:9      | Noticed an orc knight
 13455 | D:9      | Slain by an orc knight

Skill      XL: |  1  2  3  4  5  6  7  8  9 10 |
---------------+-------------------------------+-----
Conjurations   | 1 2 3 4 6 8 9 |  9.7
Spellcasting   | 3 4 5 6 |  6.0
Fire Magic     | 3 4 5 6 8 10 | 10.0
Dodging        | |  1.5
Stealth        | |  2.1

Action                   |  1- 3 |  4- 6 |  7- 9 | 10-12 || total
-------------------------+-------+-------+-------+-------++-------
Melee: Unarmed           |     1 |       |       |       ||     1
       Whip              |       |     6 |     4 |     2 ||    12
       Flail             |       |       |       |     7 ||     7
Throw: Tomahawk          |       |     4 |    30 |       ||    34
 Cast: Flame Tongue      |    84 |   163 |   159 |   200 ||   606
       Sticky Flame      |       |     2 |    28 |    17 ||    47
       Conjure Flame     |       |     3 |     6 |    13 ||    22
       Fireball          |       |       |     3 |     3 ||     6
Invok: Potion Petition   |       |     1 |     1 |     1 ||     3
Evoke: Wand              |       |     4 |     2 |       ||     6
  Use: Scroll            |       |       |    12 |     3 ||    15
 Stab: Distracted        |       |       |       |     1 ||     1
Armor: Robe              |     1 |    28 |    27 |       ||    56
       Ring mail         |       |       |    10 |    30 ||    40
Dodge: Dodged            |    17 |    95 |    78 |    38 ||   228
Block: Buckler           |       |       |     3 |    21 ||    24
